TOP OF THE 1ST |
Brockton Rox batting - Pitching for Trois-Riveres Aigles : RHP Jaylin Green
|
Pitching: RHP Jaylin Green
|
|
Batting: RHB Aukukero Tairi
|
0-0: Called Strike 0-1: Ball 1-1: Called Strike 1-2: Foul Ball, location: 2F 1-2: SINGLE (Groundball, 4MD, EV 103.1 MPH) (infield hit)
|
Batting: RHB Joe Booth
|
0-0: Called Strike 0-1: Ball 1-1: Fly out, F4 (Popup, 4S, EV 75.0 MPH)
|
Batting: SHB Salvador Padilla
|
0-0: Fly out, F6 (Flyball, 56D, EV 91.2 MPH)
|
Batting: RHB Alex Cardenas
|
0-0: Ball Aukukero Tairi steals 2nd base 1-0: Ball 2-0: Ball 3-0: SINGLE (Groundball, 34D, EV 100.6 MPH) Aukukero Tairi to third Runner from 3rd tries for Home, SAFE, throw by RF to home
|
Batting: SHB Greg Shaw
|
0-0: Called Strike 0-1: Ball 1-1: Foul Ball, location: 2F 1-2: Ball 2-2: SINGLE (Line Drive, 6D, EV 109.4 MPH) Alex Cardenas to second
|
Batting: RHB Dave Burwell
|
0-0: Called Strike 0-1: Ball 1-1: Foul Ball, location: 2F 1-2: Foul Ball, location: 2F 1-2: Ball 2-2: Ball 3-2: Strikes out swinging
|
Top of the 1st over - 1 run, 3 hits, 0 errors, 2 left on base; Brockton 1 - Trois-Riveres 0 |
BOTTOM OF THE 1ST |
Trois-Riveres Aigles batting - Pitching for Brockton Rox : RHP Ryuhei Shimabukuro
|
Pitching: RHP Ryuhei Shimabukuro
|
|
Batting: LHB Jonathan Spino
|
0-0: Ball 1-0: Called Strike 1-1: Swinging Strike 1-2: Foul Ball, location: 2F 1-2: Strikes out swinging
|
Batting: RHB Josh Harmon
|
0-0: Called Strike 0-1: Ball 1-1: Called Strike 1-2: Strikes out swinging
|
Batting: LHB Rich Matthews
|
0-0: DOUBLE (Flyball, 78XD, EV 112.5 MPH)
|
Batting: LHB Sean Banks
|
0-0: Ball 1-0: Swinging Strike 1-1: SINGLE (Line Drive, 89M, EV 100.0 MPH) Rich Matthews to third
|
Batting: RHB Dave Galloway
|
0-0: Ball 1-0: Ball 2-0: Ball 3-0: Base on Balls Sean Banks to second
|
Batting: RHB Alex Koral
|
0-0: Called Strike 0-1: Ball 1-1: Swinging Strike 1-2: Foul Ball, location: 2F 1-2: Strikes out looking
|
Bottom of the 1st over - 0 runs, 2 hits, 0 errors, 3 left on base; Brockton 1 - Trois-Riveres 0 |
TOP OF THE 2ND |
Brockton Rox batting - Pitching for Trois-Riveres Aigles : RHP Jaylin Green
|
Batting: RHB Miguel Villanueva
|
0-0: Called Strike 0-1: Ball 1-1: Ball 2-1: Ball 3-1: Ground out 5-3 (Groundball, 56, EV 80.6 MPH)
|
Batting: RHB Tony Gallegos
|
0-0: Called Strike 0-1: Swinging Strike 0-2: Ball 1-2: Fly out, F8 (Flyball, 8RXD, EV 91.2 MPH)
|
Batting: RHB Bakhtiar Asadov
|
0-0: Ball 1-0: Fly out, F4 (Popup, 3S, EV 79.4 MPH)
|
Top of the 2nd over - 0 runs, 0 hits, 0 errors, 0 left on base; Brockton 1 - Trois-Riveres 0 |
BOTTOM OF THE 2ND |
Trois-Riveres Aigles batting - Pitching for Brockton Rox : RHP Ryuhei Shimabukuro
|
Batting: RHB Bobby Ross
|
0-0: Foul Ball, location: 2F 0-1: Foul Ball, location: 2F 0-2: Strikes out looking
|
Batting: RHB Jason Penfield
|
0-0: Ball 1-0: Swinging Strike 1-1: Fly out, F7 (Line Drive, 7, EV 89.4 MPH)
|
Batting: RHB Wan-ling Zhu
|
0-0: Ball 1-0: Ball 2-0: Called Strike 2-1: Foul Ball, location: 2F 2-2: Ground out 6-3 (Groundball, 6, EV 99.4 MPH)
|
Bottom of the 2nd over - 0 runs, 0 hits, 0 errors, 0 left on base; Brockton 1 - Trois-Riveres 0 |
TOP OF THE 3RD |
Brockton Rox batting - Pitching for Trois-Riveres Aigles : RHP Jaylin Green
|
Batting: RHB Aukukero Tairi
|
0-0: Swinging Strike 0-1: Ball 1-1: Ball 2-1: Swinging Strike 2-2: Foul Ball, location: 2F 2-2: Ball 3-2: Foul Ball, location: 2F 3-2: Foul Ball, location: 2F 3-2: Base on Balls
|
Batting: RHB Joe Booth
|
0-0: Ball 1-0: Called Strike 1-1: Ball 2-1: Grounds into double play, 6-4-3 (Groundball, 6D, EV 90.0 MPH)
|
Batting: SHB Salvador Padilla
|
0-0: Called Strike 0-1: Ball 1-1: Called Strike 1-2: Ball 2-2: Ball 3-2: Base on Balls
|
Batting: RHB Alex Cardenas
|
0-0: Fielders Choice at 2nd, 6-4 (Groundball, 6, EV 85.6 MPH)
|
Top of the 3rd over - 0 runs, 0 hits, 0 errors, 1 left on base; Brockton 1 - Trois-Riveres 0 |
BOTTOM OF THE 3RD |
Trois-Riveres Aigles batting - Pitching for Brockton Rox : RHP Ryuhei Shimabukuro
|
Batting: LHB Jonathan Spino
|
0-0: Called Strike 0-1: Ball 1-1: Called Strike 1-2: Strikes out swinging
|
Batting: RHB Josh Harmon
|
0-0: Ball 1-0: Ground out 4-3 (Groundball, 4, EV 98.1 MPH)
|
Batting: LHB Rich Matthews
|
0-0: Called Strike 0-1: Ball 1-1: Called Strike 1-2: Ball 2-2: Fly out, F5 (Popup, 5SF, EV 80.6 MPH)
|
Bottom of the 3rd over - 0 runs, 0 hits, 0 errors, 0 left on base; Brockton 1 - Trois-Riveres 0 |
TOP OF THE 4TH |
Brockton Rox batting - Pitching for Trois-Riveres Aigles : RHP Jaylin Green
|
Batting: SHB Greg Shaw
|
0-0: Ball 1-0: Swinging Strike 1-1: Swinging Strike 1-2: Fly out, F9 (Flyball, 9LS, EV 75.6 MPH)
|
Batting: RHB Dave Burwell
|
0-0: SINGLE (Groundball, 6D, EV 103.8 MPH)
|
Batting: RHB Miguel Villanueva
|
0-0: Ball Dave Burwell is caught stealing 2nd base 2-4 1-0: Ball 2-0: Ground out 6-3 (Groundball, 6M, EV 83.1 MPH)
|
Top of the 4th over - 0 runs, 1 hit, 0 errors, 0 left on base; Brockton 1 - Trois-Riveres 0 |
BOTTOM OF THE 4TH |
Trois-Riveres Aigles batting - Pitching for Brockton Rox : RHP Ryuhei Shimabukuro
|
Batting: LHB Sean Banks
|
0-0: Ball 1-0: DOUBLE (Line Drive, 89D, EV 107.5 MPH)
|
Batting: RHB Dave Galloway
|
0-0: Called Strike 0-1: Called Strike 0-2: Ball 1-2: Strikes out swinging
|
Batting: RHB Alex Koral
|
0-0: Ball 1-0: Foul Ball, location: 2F 1-1: Foul Ball, location: 2F 1-2: Strikes out swinging
|
Batting: RHB Bobby Ross
|
0-0: Ball 1-0: Ball 2-0: Foul Ball, location: 2F 2-1: Swinging Strike 2-2: Foul Ball, location: 2F 2-2: Ball 3-2: Base on Balls
|
Batting: RHB Jason Penfield
|
0-0: Ball 1-0: Ball 2-0: Called Strike 2-1: Swinging Strike 2-2: Strikes out swinging
|
Bottom of the 4th over - 0 runs, 1 hit, 0 errors, 2 left on base; Brockton 1 - Trois-Riveres 0 |
TOP OF THE 5TH |
Brockton Rox batting - Pitching for Trois-Riveres Aigles : RHP Jaylin Green
|
Batting: RHB Tony Gallegos
|
0-0: Foul Ball, location: 2F 0-1: Ball 1-1: Called Strike 1-2: Ball 2-2: Foul Ball, location: 2F 2-2: Ball 3-2: Base on Balls
|
Batting: RHB Bakhtiar Asadov
|
0-0: SINGLE (Groundball, 56S, EV 67.5 MPH) (infield hit) Tony Gallegos to second
|
Batting: RHB Aukukero Tairi
|
0-0: Called Strike 0-1: Swinging Strike 0-2: SINGLE (Groundball, 4MD, EV 103.8 MPH) Tony Gallegos to third Bakhtiar Asadov to second
|
Batting: RHB Joe Booth
|
0-0: Ball 1-0: Fielders Choice at 2nd, 3-6 (Groundball, 34, EV 105.6 MPH) Tony Gallegos scores Bakhtiar Asadov to third
|
Pitching: LHP Dean Byrne
|
|
Batting: SHB Salvador Padilla
|
0-0: Ball 1-0: Called Strike 1-1: Ball 2-1: Fly out, F9 (Flyball, 89S, EV 82.5 MPH)
|
Batting: RHB Alex Cardenas
|
0-0: Called Strike 0-1: Ball 1-1: Swinging Strike 1-2: Ball Joe Booth steals 2nd base 2-2: Foul Ball, location: 2F 2-2: SINGLE (Groundball, 4D, EV 102.5 MPH) Bakhtiar Asadov scores Joe Booth to third Runner from 3rd tries for Home, SAFE, throw by CF to home
|
Batting: SHB Greg Shaw
|
0-0: Foul Ball, location: 2F 0-1: Ball 1-1: Called Strike 1-2: Strikes out swinging
|
Top of the 5th over - 3 runs, 3 hits, 0 errors, 1 left on base; Brockton 4 - Trois-Riveres 0 |
BOTTOM OF THE 5TH |
Trois-Riveres Aigles batting - Pitching for Brockton Rox : RHP Ryuhei Shimabukuro
|
Batting: RHB Wan-ling Zhu
|
0-0: Ball 1-0: Called Strike 1-1: SINGLE (Line Drive, 6MD, EV 95.0 MPH)
|
Batting: LHB Jonathan Spino
|
0-0: Ball 1-0: Fielders Choice at 2nd, 5-4 (Groundball, 56S, EV 91.2 MPH)
|
Batting: RHB Josh Harmon
|
0-0: Called Strike 0-1: Called Strike 0-2: Ball 1-2: Fly out, F9 (Flyball, 89D, EV 88.1 MPH)
|
Batting: LHB Rich Matthews
|
0-0: Called Strike Pickoff Throw to First - Error! E1 Jonathan Spino to second 0-1: Called Strike 0-2: Ball 1-2: Ball 2-2: Ball 3-2: Foul Ball, location: 2F 3-2: Base on Balls
|
Batting: LHB Sean Banks
|
0-0: Fly out, F7 (Flyball, 7D, EV 90.6 MPH)
|
Bottom of the 5th over - 0 runs, 1 hit, 1 error, 2 left on base; Brockton 4 - Trois-Riveres 0 |
TOP OF THE 6TH |
Brockton Rox batting - Pitching for Trois-Riveres Aigles : LHP Dean Byrne
|
Batting: RHB Dave Burwell
|
0-0: Called Strike 0-1: Ball 1-1: Foul Ball, location: 2F 1-2: Ball 2-2: Ball 3-2: Foul Ball, location: 2F 3-2: Strikes out swinging
|
Batting: RHB Miguel Villanueva
|
0-0: Called Strike 0-1: Ball 1-1: Swinging Strike 1-2: Ball 2-2: Foul Ball, location: 2F 2-2: Foul Ball, location: 2F 2-2: Strikes out swinging
|
Batting: RHB Tony Gallegos
|
0-0: Ball 1-0: Ball 2-0: Ball 3-0: Called Strike 3-1: Swinging Strike 3-2: Foul Ball, location: 2F 3-2: Base on Balls
|
Batting: RHB Bakhtiar Asadov
|
0-0: Swinging Strike 0-1: Ball 1-1: Called Strike 1-2: Strikes out swinging, 2-3 out at first.
|
Top of the 6th over - 0 runs, 0 hits, 0 errors, 1 left on base; Brockton 4 - Trois-Riveres 0 |
BOTTOM OF THE 6TH |
Trois-Riveres Aigles batting - Pitching for Brockton Rox : RHP Ryuhei Shimabukuro
|
Batting: RHB Dave Galloway
|
0-0: Ball 1-0: Called Strike 1-1: Called Strike 1-2: Ball 2-2: Ball 3-2: SINGLE (Groundball, 6M, EV 88.8 MPH) (infield hit)
|
Pitching: RHP Nherbert Silivan
|
|
Batting: RHB Alex Koral
|
0-0: Ball 1-0: Called Strike 1-1: Ball 2-1: Fly out, F9 (Flyball, 89S, EV 94.4 MPH)
|
Batting: RHB Bobby Ross
|
0-0: Hit by Pitch Dave Galloway to second
|
Batting: RHB Jason Penfield
|
0-0: Ball 1-0: Called Strike 1-1: Ball 2-1: Called Strike 2-2: Strikes out swinging
|
Batting: RHB Wan-ling Zhu
|
0-0: Called Strike 0-1: Fly out, F8 (Flyball, 8LXD, EV 101.2 MPH)
|
Bottom of the 6th over - 0 runs, 1 hit, 0 errors, 2 left on base; Brockton 4 - Trois-Riveres 0 |
TOP OF THE 7TH |
Brockton Rox batting - Pitching for Trois-Riveres Aigles : LHP Dean Byrne
|
Pitching: RHP Federico Jimenez
|
|
Batting: RHB Aukukero Tairi
|
0-0: Ball 1-0: Swinging Strike 1-1: Fly out, F8 (Flyball, 8LD, EV 88.1 MPH)
|
Batting: RHB Joe Booth
|
0-0: Ball 1-0: Called Strike 1-1: Foul Ball, location: 2F 1-2: Ball 2-2: Ground out 5-3 (Groundball, 56S, EV 68.8 MPH)
|
Batting: SHB Salvador Padilla
|
0-0: Ball 1-0: Ball 2-0: Foul Ball, location: 2F 2-1: Ball 3-1: Called Strike 3-2: Base on Balls
|
Batting: RHB Alex Cardenas
|
0-0: Fielders Choice at 2nd, U4 (Groundball, 4M, EV 86.9 MPH)
|
Top of the 7th over - 0 runs, 0 hits, 0 errors, 1 left on base; Brockton 4 - Trois-Riveres 0 |
BOTTOM OF THE 7TH |
Trois-Riveres Aigles batting - Pitching for Brockton Rox : RHP Nherbert Silivan
|
Pitching: RHP Austin O'Connor
|
|
Batting: LHB Jonathan Spino
|
0-0: Ball 1-0: Foul Ball, location: 2F 1-1: Foul Ball, location: 2F 1-2: Foul Ball, location: 2F 1-2: SOLO HOME RUN (Flyball, 9D, EV 97.5 MPH), Distance : 379 ft
|
Batting: RHB Josh Harmon
|
0-0: Ball 1-0: Called Strike 1-1: Ball 2-1: Foul Ball, location: 2F 2-2: Strikes out swinging
|
Batting: LHB Rich Matthews
|
0-0: Swinging Strike 0-1: Foul Ball, location: 2F 0-2: Fly out, F8 (Flyball, 78D, EV 98.8 MPH)
|
Batting: LHB Sean Banks
|
0-0: Ball 1-0: Foul Ball, location: 2F 1-1: Fly out, F9 (Flyball, 9LM, EV 86.2 MPH)
|
Bottom of the 7th over - 1 run, 1 hit, 0 errors, 0 left on base; Brockton 4 - Trois-Riveres 1 |
TOP OF THE 8TH |
Brockton Rox batting - Pitching for Trois-Riveres Aigles : RHP Federico Jimenez
|
Batting: SHB Greg Shaw
|
0-0: Ground out 4-3 (Groundball, 4, EV 80.0 MPH)
|
Batting: RHB Dave Burwell
|
0-0: Ball 1-0: Ground out 5-3 (Groundball, 56, EV 95.0 MPH)
|
Batting: RHB Miguel Villanueva
|
0-0: Ball 1-0: Ball 2-0: Called Strike 2-1: Foul Ball, location: 2F 2-2: Ball 3-2: Ground out U3 (Groundball, 34, EV 94.4 MPH)
|
Top of the 8th over - 0 runs, 0 hits, 0 errors, 0 left on base; Brockton 4 - Trois-Riveres 1 |
BOTTOM OF THE 8TH |
Trois-Riveres Aigles batting - Pitching for Brockton Rox : RHP Austin O'Connor
|
Batting: RHB Dave Galloway
|
0-0: Ball 1-0: Foul Ball, location: 2F 1-1: SINGLE (Line Drive, 78S, EV 98.1 MPH)
|
Pinch Hitting: SHB Ray Luna
|
0-0: Ball 1-0: Ball 2-0: Ball 3-0: Base on Balls Dave Galloway to second
|
Batting: RHB Bobby Ross
|
0-0: Ball 1-0: Ball 2-0: Called Strike 2-1: Fly out, F6 (Popup, 6MD, EV 53.1 MPH)
|
Pinch Hitting: LHB Dave Northam
|
0-0: Ball 1-0: Grounds into double play, 4-6-3 (Groundball, 4, EV 107.5 MPH)
|
Bottom of the 8th over - 0 runs, 1 hit, 0 errors, 1 left on base; Brockton 4 - Trois-Riveres 1 |
TOP OF THE 9TH |
Brockton Rox batting - Pitching for Trois-Riveres Aigles : RHP Federico Jimenez
|
Pitching: LHP Min Xue
|
|
Now at 2B: Dave Northam
|
|
Now at 3B: Tony Zizumbo
|
|
Batting: RHB Tony Gallegos
|
0-0: Foul Ball, location: 2F 0-1: SINGLE (Line Drive, 6D, EV 94.4 MPH)
|
Batting: RHB Bakhtiar Asadov
|
0-0: Called Strike 0-1: 2-RUN HOME RUN (Flyball, 7D, EV 103.8 MPH), Distance : 385 ft
|
Batting: RHB Aukukero Tairi
|
0-0: Swinging Strike 0-1: Ball 1-1: Foul Ball, location: 2F 1-2: Ground out 6-3 (Groundball, 56, EV 111.9 MPH)
|
Batting: RHB Joe Booth
|
0-0: Ball 1-0: Ball 2-0: Called Strike 2-1: Ground out 5-3 (Groundball, 56S, EV 78.1 MPH)
|
Batting: SHB Salvador Padilla
|
0-0: Foul Ball, location: 2F 0-1: Swinging Strike 0-2: Ball 1-2: Ball 2-2: Ball 3-2: Base on Balls
|
Batting: RHB Alex Cardenas
|
0-0: Fly out, F8 (Line Drive, 78M, EV 93.8 MPH)
|
Top of the 9th over - 2 runs, 2 hits, 0 errors, 1 left on base; Brockton 6 - Trois-Riveres 1 |
BOTTOM OF THE 9TH |
Trois-Riveres Aigles batting - Pitching for Brockton Rox : RHP Austin O'Connor
|
Pinch Hitting: LHB Oscar Curiel
|
0-0: Ball 1-0: SOLO HOME RUN (Flyball, 9D, EV 99.4 MPH), Distance : 382 ft
|
Batting: LHB Jonathan Spino
|
0-0: Called Strike 0-1: Ball 1-1: Ball 2-1: Called Strike 2-2: Ball 3-2: Fly out, F8 (Flyball, 8LM, EV 79.4 MPH)
|
Batting: RHB Josh Harmon
|
0-0: Ground out U3 (Groundball, 3, EV 105.0 MPH)
|
Batting: LHB Rich Matthews
|
0-0: Foul Ball, location: 2F 0-1: DOUBLE (Line Drive, 78D, EV 111.2 MPH)
|
Pitching: RHP Dan Jenkins
|
|
Batting: LHB Sean Banks
|
0-0: Called Strike 0-1: Ball 1-1: Swinging Strike 1-2: Strikes out swinging
|
Bottom of the 9th over - 1 run, 2 hits, 0 errors, 1 left on base; Brockton 6 - Trois-Riveres 2 |
|